 Dungeon Crawl Stone Soup version 0.31-a0-486-g8d68a81214 (webtiles) character file.

Game seed: 6176652558105527407

3110 Xavori the Covert (level 9, -5/58 (60) HPs)
             Began as an Octopode Chaos Knight on Aug 7, 2023.
             Was a Plaything of Xom.
             Slain by an ice beast (6 damage)
             ... summoned by Xom
             ... on level 7 of the Dungeon.
             The game lasted 00:10:29 (16465 turns).

Xavori the Covert (Octopode Chaos Knight)          Turns: 16465, Time: 00:10:30

HP:   -5/58 (60)    AC:  8    Str: 12    XL:     9   Next: 91%
MP:   9/9           EV: 14    Int: 19    God:    Xom [....*.]
Gold: 478           SH:  0    Dex: 12    Spells: 8/8 levels left

rFire   . . .        a - +2 short sword (chaos)
rCold   . . .        (no shield)
rNeg    + . .        t - +1 hat of Olisiwk {Rampage Drain rN+}
rPois   .            q - amulet of the acrobat
rElec   .            h - ring of willpower
rCorr   .            l - ring of see invisible
SInv    +            s - +4 ring of slaying
Will    +....        (no ring)
Stlth   +++++        (no ring)
HPRegen 1.09/turn    (no ring)
MPRegen 0.11/turn    (no ring)
                     (no ring)

%: acrobat, rampage
@: mighty, lightly drained
A: almost no armour, amphibious, 8 rings, camouflage 1, gelatinous body 1,
(nimble swimmer 1), tentacles, iridescent scales 3, see invisible, clever 1,
mutation resistance 1, passive freeze, regeneration 1, screaming 1, wild magic
2, no potion heal 1
a: Renounce Religion


You were on level 7 of the Dungeon.
You worshipped Xom.
You were a beloved toy of Xom.
You visited 1 branch of the dungeon, and saw 7 of its levels.
You also visited: Sewer.

You collected 478 gold pieces.

Inventory:

Hand Weapons
 a - a +2 short sword of chaos (weapon)
Missiles
 x - a throwing net
Armour
 t - the +1 hat of Olisiwk (worn) {Rampage Drain rN+}
   (You acquired it on level 5 of the Dungeon)

   rN:        It protects you from negative energy.
   Drain:     It drains your maximum health when unequipped.
   Rampage:   It bestows one free step when moving towards enemies.
Jewellery
 h - a ring of willpower (left tentacle)
 l - a ring of see invisible (right tentacle)
 q - an amulet of the acrobat (around mantle)
 s - a +4 ring of slaying (on tentacle)
 A - a ring of magical power
 D - an amulet of magic regeneration
Talismans
 o - a blade talisman
 B - a maw talisman
Wands
 p - a wand of iceblast (2)
 u - a wand of polymorph (10)
 y - a wand of flame (17)
 E - a wand of digging (5)
Scrolls
 b - a scroll of butterflies
 d - a scroll of fog
 m - 2 scrolls of identify {unknown}
 n - 4 scrolls of enchant weapon
 v - 2 scrolls of immolation
 w - a scroll of silence {unknown}
 C - a scroll of enchant armour {unknown}
Potions
 c - a potion of curing {unknown}
 e - 4 potions of heal wounds {unknown}
 f - 2 potions of resistance {unknown}
 g - a potion of mutation {unknown}
 i - 3 potions of brilliance {unknown}
 j - a potion of might
 k - a potion of attraction {unknown}
 r - 2 potions of haste
 z - a potion of magic {unknown}


   Skills:
 + Level 4.9 Fighting
 + Level 7.4 Short Blades
 + Level 5.2 Dodging
 + Level 9.3 Stealth
 + Level 1.0 Shields
 * Level 4.5 Unarmed Combat
 + Level 2.0 Evocations
 * Level 3.8 Shapeshifting


You had 8 spell levels left.
You didn't know any spells.
Your spell library contained the following spells:

 Spells                   Type           Power      Damage    Failure   Level
 Summon Small Mammal      Summ           0%         N/A       36%         1
 Wereblood                Tmut           0%         N/A       47%         2
 Call Canine Familiar     Summ           0%         N/A       69%         3
 Summon Guardian Golem    Hex/Summ       0%         N/A       69%         3
 Irradiate                Conj/Tmut      0%         3d11      100%        5


Dungeon Overview and Level Annotations

Branches:
Dungeon (7/15)             Temple (0/1) D:5           Sewer (visited)

Altars:
Fedhas
Makhleb
Sif Muna
Xom

Shops:
D:6 (

Annotations:
D:6 1 runed translucent door, Crazy Yiuf
D:7 2 runed translucent doors


Innate Abilities, Weirdness & Mutations

You cannot wear most types of armour.
You are amphibious.
You can wear up to eight rings at the same time.
Your skin changes colour to match your surroundings (Stealth+).
Your rubbery body absorbs attacks. (AC +1, EV +1)
((You are camouflaged when in or above water. (Stealth+)))
You have tentacles for arms and can constrict up to eight enemies at once.
You are completely covered in iridescent scales. (AC +6)
You have supernaturally acute eyesight. (SInv)
Your mind is acute. (Int +4, Str/Dex -1)
You are somewhat resistant to further mutation.
A frigid envelope surrounds you and freezes all who hurt you.
Your natural rate of healing is unusually fast.
You occasionally shout uncontrollably at your foes.
Your spells are harder to cast, but more powerful.
Potions are less effective at restoring your health.


Message History

You barely miss the ice beast.
You tentacle-slap the ice beast, but do no damage.
You closely miss the ice beast. You squeeze the ice beast.
The ice beast is lightly wounded.
The orc misses you.
The ice beast hits you but does no damage.
The ice beast completely resists.
The orc priest calls down the wrath of Xom upon you.
Xom smites you!
You hit the ice beast but do no damage.
The ice beast is lightly wounded.
Unknown command.
You hit the ice beast.
You melt the ice beast.
You squeeze the ice beast.
The ice beast is moderately wounded.
The ice beast hits you. The ice beast freezes you!
The ice beast completely resists.
The orc hits you but does no damage.
The orc is very cold.
The orc is heavily wounded.
The orc priest mumbles some strange prayers to Xom against you.
Xom smites you!
You hit the ice beast.
You melt the ice beast.
You squeeze the ice beast, but do no damage.
The ice beast is heavily wounded.
The ice beast hits you but does no damage.
The ice beast completely resists.
The orc priest invokes the aid of Xom against you.
Xom smites you!
* * * LOW HITPOINT WARNING * * *
The orc priest calls down the wrath of Xom upon you.
Xom smites you!
* * * LOW HITPOINT WARNING * * *
Xom is amused.
Unknown command.
It was a potion of might.
You feel very mighty all of a sudden.
Xom thinks this is hilarious!
The orc completely misses you. The ice beast hits you.
* * * LOW HITPOINT WARNING * * *
The ice beast freezes you.
You die...

###....## #
##...######
# ##.......#
.
##.....####
#......##
.....##.oo##
......
###oo#
...... ##o##
...... ##@##
..... ##Y#
###


You could see an ice beast (summoned), 2 orc priests, an orc wizard (summoned)
and 2 orcs.

Vanquished Creatures
  The ghost of randomguy2701 the Covered, a novice MiFi (D:6)
  A guardian serpent (shapeshifter) (D:6)
  A troll (D:7)
  Grinder (D:6)
  Prince Ribbit (D:6)
  Pargi (Sewer)
  A sky beast (D:6)
  3 black bears
  An orc warrior (D:6)
  2 ogres
  A bullfrog (D:7)
  2 scorpions
  A wight (D:7)
  A howler monkey (D:6)
  2 orc priests
  4 hounds
  8 iguanas
  5 orc wizards
  11 gnolls
  9 adders
  2 shadow imps
  2 white imps (D:6)
  An ufetubus (D:6)
  A worm (D:4)
  A dart slug (D:3)
  25 orcs
  9 endoplasms
  5 giant cockroaches
  4 goblins
  11 hobgoblins
  3 jackals (D:1)
  5 quokkas
  13 ball pythons
  6 bats
  A frilled lizard (D:1)
  8 kobolds
  2 rats
  A spectral hobgoblin (D:1)
157 creatures vanquished.

Vanquished Creatures (collateral kills)
  An orc wizard (D:5)
1 creature vanquished.

Grand Total: 158 creatures vanquished

Notes
Turn   | Place    | Note
-------+----------+-------------------------------------------
     0 | D:1      | Xavori the Octopode Chaos Knight began the quest for the
                  | Orb.
     0 | D:1      | Reached XP level 1. HP: 16/16 MP: 1/1
   108 | D:1      | XOM: silly message
   114 | D:1      | Reached XP level 2. HP: 20/21 MP: 2/2
   117 | D:1      | XOM: smoke on damage
   293 | D:1      | Reached XP level 3. HP: 21/26 MP: 3/3
   568 | D:1      | XOM: divination: magic mapping
   637 | D:1      | Found a faded altar of an unknown god.
  1026 | D:2      | Reached skill level 1 in Stealth
  1430 | D:2      | XOM: silly message
  2108 | D:1      | XOM: summons 2 hostile demons
  2253 | D:2      | XOM: give mutation
  2253 | D:2      | Gained mutation: You are partially covered in iridescent
                  | scales. (AC +2) [Xom's grace]
  2588 | D:1      | XOM: god gift: book of Callings
  3572 | D:1      | XOM: silly message
  3806 | D:1      | XOM is BORED!
  4044 | D:1      | XOM is BORED!
  5389 | D:1      | XOM: summons 1 hostile shadow creature
  6241 | D:1      | XOM: draining
  7180 | D:1      | XOM: give mutations
  7180 | D:1      | Gained mutation: Potions are less effective at restoring
                  | your health. [Xom's mischief]
  7180 | D:1      | Gained mutation: You occasionally shout uncontrollably at
                  | your foes. [Xom's mischief]
  7180 | D:1      | Gained mutation: You are dopey. (Int -2) [Xom's mischief]
  7180 | D:1      | Gained mutation: You are robust. (+10% HP) [Xom's mischief]
  7224 | D:1      | XOM: scenery: summon butterflies
  7234 | D:1      | XOM: give mutations
  7234 | D:1      | Gained mutation: Your spells are a little harder to cast,
                  | but a little more powerful. [Xom's grace]
  7234 | D:1      | Gained mutation: You are somewhat resistant to further
                  | mutation. [Xom's grace]
  7234 | D:1      | Gained mutation: You are mostly covered in iridescent
                  | scales. (AC +4) [Xom's grace]
  7234 | D:1      | Gained mutation: Your spells are harder to cast, but more
                  | powerful. [Xom's grace]
  7256 | D:1      | XOM is BORED!
  7256 | D:1      | XOM: stat loss: -1 Dex (12/13)
  7781 | D:1      | XOM: scenery: summon butterflies
  8152 | D:2      | XOM: scenery: summon butterflies
  9485 | D:1      | XOM is BORED!
  9878 | D:1      | XOM: divination: detect items
 10403 | D:1      | XOM: give mutations
 10403 | D:1      | Gained mutation: You are partially covered in large bone
                  | plates. (SH +4) [Xom's mischief]
 10403 | D:1      | Lost mutation: You are dopey. (Int -2) [Xom's mischief]
 10403 | D:1      | Lost mutation: You are robust. (+10% HP) [Xom's mischief]
 11009 | D:1      | Glimpsed the power of Zot.
 11067 | D:3      | Found a burning altar of Makhleb.
 11087 | D:3      | Reached skill level 2 in Stealth
 11087 | D:3      | Reached XP level 4. HP: 25/27 MP: 4/4
 11169 | D:3      | XOM: chaos upgrade
 11247 | D:2      | XOM: draining
 11260 | D:2      | Reached skill level 3 in Stealth
 11349 | D:2      | XOM: silly message
 11435 | D:3      | Reached XP level 5. HP: 15/30 MP: 5/5
 12523 | D:3      | Found a shimmering blue altar of Sif Muna.
 12603 | D:3      | XOM: stat loss: -1 Str (10/11)
 12614 | D:3      | XOM: smoke on damage
 12627 | D:3      | XOM: give mutations
 12627 | D:3      | Gained mutation: You are completely covered in iridescent
                  | scales. (AC +6) [Xom's mischief]
 12627 | D:3      | Lost mutation: You are partially covered in large bone
                  | plates. (SH +4) [Xom's mischief]
 12670 | D:3      | XOM: noise
 12690 | D:3      | Found a blossoming altar of Fedhas.
 12874 | D:3      | Reached skill level 4 in Stealth
 13168 | D:4      | XOM: noise
 13185 | D:4      | Reached XP level 6. HP: 36/43 MP: 6/6
 13197 | D:4      | XOM: 1-stop teleportation journey
 13258 | D:4      | Found a glowing drain.
 13273 | Sewer    | Entered a sewer
 13296 | Sewer    | Noticed Pargi
 13307 | Sewer    | XOM: god gift: wand of iceblast (5)
 13311 | Sewer    | Killed Pargi
 13312 | Sewer    | Reached skill level 1 in Unarmed Combat
 13463 | Sewer    | XOM: 8-stop teleportation journey
 13558 | D:4      | Noticed a black bear
 13563 | D:4      | Killed a black bear
 13564 | D:4      | Reached skill level 1 in Shields
 13564 | D:4      | Reached skill level 1 in Shapeshifting
 13564 | D:4      | Reached XP level 7. HP: 42/47 MP: 7/7
 13797 | D:4      | XOM: give mutations
 13797 | D:4      | Gained mutation: A frigid envelope surrounds you and
                  | freezes all who hurt you. [Xom's grace]
 13797 | D:4      | Gained mutation: Your natural rate of healing is unusually
                  | fast. [Xom's grace]
 13797 | D:4      | Gained mutation: You have supernaturally acute eyesight.
                  | (SInv) [Xom's grace]
 13797 | D:4      | Gained mutation: Your mind is acute. (Int +4, Str/Dex -1)
                  | [Xom's grace]
 13896 | D:4      | Reached skill level 5 in Stealth
 14103 | D:5      | Entered Level 5 of the Dungeon
 14124 | D:5      | Reached skill level 1 in Evocations
 14178 | D:5      | Found a shimmering altar of Xom.
 14247 | D:5      | XOM: enchant monster (good)
 14255 | D:5      | Reached skill level 5 in Short Blades
 14263 | D:5      | Reached XP level 8. HP: 54/54 MP: 8/8
 14539 | D:5      | Found a staircase to the Ecumenical Temple.
 14657 | D:5      | Reached skill level 6 in Stealth
 14675 | D:5      | Identified a scroll of acquirement
 14675 | D:5      | Acquired the +1 hat of Olisiwk {Rampage Drain rN+}
 14716 | D:6      | an orc priest changed into a shapeshifter
 14716 | D:6      | Noticed a shapeshifter (shapeshifter)
 14717 | D:6      | a shapeshifter changed into a guardian serpent
 14717 | D:6      | Noticed a guardian serpent (shapeshifter)
 14727 | D:6      | XOM: cleaving
 14727 | D:6      | Killed a guardian serpent
 14757 | D:6      | Found a large runed translucent door.
 14757 | D:6      | Found a large runed translucent door.
 14761 | D:6      | Reached skill level 7 in Stealth
 14949 | D:6      | Reached XP level 9. HP: 59/59 MP: 9/9
 14983 | D:6      | Noticed Grinder
 14994 | D:6      | Killed Grinder
 15034 | D:6      | Noticed Prince Ribbit
 15035 | D:6      | Found Dysej's Weapon Emporium.
 15035 | D:6      | Killed Prince Ribbit
 15036 | D:6      | Reached skill level 5 in Dodging
 15036 | D:6      | Reached skill level 8 in Stealth
 15185 | D:6      | Noticed randomguy2701's ghost (novice MiFi)
 15352 | D:6      | XOM: god gift: 2 gold pieces
 15376 | D:6      | Found a runed translucent door.
 15377 | D:6      | Noticed Crazy Yiuf
 15412 | D:6      | XOM: noise
 15493 | D:6      | Killed randomguy2701's ghost
 15737 | D:7      | Noticed a troll
 15744 | D:7      | Killed a troll
 15756 | D:7      | Found a large runed translucent door.
 15756 | D:7      | Found a large runed translucent door.
 16061 | D:7      | Reached skill level 9 in Stealth
 16178 | D:7      | XOM: silly message
 16201 | D:7      | XOM: polymorph orc -> kobold
 16215 | D:7      | XOM: enchant monster (good)
 16226 | D:7      | XOM: fog
 16459 | D:7      | XOM: summons 3 hostile shadow creatures
 16465 | D:7      | HP: 1/58 [ice beast[Xom] (3)]
 16465 | D:7      | Slain by an ice beast

Illustrated notes

Levels and vault maps discovered:
D:1:      onia_arrival_pentagram, layout_basic,
          dreamdust_ecumenical_altar_drowned_temple
D:2:      layout_loops_ring
D:3:      layout_basic, mainiacjoe_overflow_catch_the_wave,
          mainiacjoe_overflow_brackets
D:4:      layout_loops_ring, cheibrodos_sewer_entry_sluice
D:5:      layout_basic, lemuel_coloured_pillars_altar, minmay_temple_entry_grid,
          nicolae_zen_rock_garden
D:6:      layout_loops_ring, serial_shops, shop, ebering_ghost_disaster_area,
          uniq_grinder, uniq_crazy_yiuf_cottage, uniq_prince_ribbit1
D:7:      layout_layer_cave, jmf_multi_god_temple2

Skill      XL: |  1  2  3  4  5  6  7  8  9 |
---------------+----------------------------+-----
Stealth        | 2 3 4 5 7 9 |  9.3
Short Blades   | 4 5 6 7 |  7.4
Dodging        | 3 4 5 |  5.2
Unarmed Combat | 1 2 3 4 |  4.5
Shields        | 1 |  1.0
Shapeshifting  | 1 2 3 |  3.8
Evocations     | 1 2 |  2.0
Fighting       | 4 |  4.9

Action                     |  1- 3 |  4- 6 |  7- 9 || total
---------------------------+-------+-------+-------++-------
  Melee: Short sword       |    82 |   107 |   163 ||   352
         Constrict         |    20 |    28 |    31 ||    79
         Tentacles         |     8 |    29 |    54 ||    91
         Punch             |     1 |     2 |     3 ||     6
  Evoke: Wand              |       |     3 |       ||     3
    Use: Scroll            |       |     2 |     6 ||     8
         Potion            |       |       |     1 ||     1
   Stab: Sleeping          |     6 |     8 |    18 ||    32
         Distracted        |       |       |     1 ||     1
 Armour: Skin              |     3 |    29 |    17 ||    49
  Dodge: Dodged            |    41 |    66 |    92 ||   199
  Block: Other             |     1 |    10 |       ||    11

Table legend: (Time is in decaauts)
 A = Elapsed time spent in this place.
 B = Non-inter-level travel time spent in this place.
 C = Inter-level travel time spent in this place.
 D = Time resting spent in this place.
 E = Time spent auto-exploring this place.
 F = Levels seen in this place.
 G = Mean time per level.
                   A        B        C        D        E       F      G
               +--------+--------+--------+--------+--------+-----+--------+
         Total |  16386 |  16149 |    237 |  10796 |   4330 |   8 | 2048.2 |
       Dungeon |  16158 |  15921 |    237 |  10687 |   4267 |   7 | 2308.3 |
         Sewer |    228 |    228 |      0 |    109 |     63 |   1 |  228.0 |
               +--------+--------+--------+--------+--------+-----+--------+

Top non-repeatable levels by time:
     D:1: 9572 daAuts
     D:2: 2754 daAuts
     D:6: 969 daAuts
     D:3: 819 daAuts
     D:7: 752 daAuts
     D:4: 692 daAuts
     D:5: 597 daAuts
   Sewer: 228 daAuts
